 Dungeon Crawl Stone Soup version 0.28.0-53-g5a82cb258f (webtiles) character file.

Game seed: 14044767396022555393

127 Eitelfritz the Skirmisher (level 5, -11/46 HPs)
             Began as a Hill Orc Fighter on Aug 6, 2022.
             Killed by divine providence
             ... invoked by an orc priest
              (12 damage)
             ... on level 3 of the Dungeon.
             The game lasted 00:05:14 (2822 turns).

Eitelfritz the Skirmisher (Hill Orc Fighter)        Turns: 2822, Time: 00:05:14

Health: -11/46     AC:  7    Str: 21    XL:     5   Next: 11%
Magic:  5/5        EV:  9    Int:  8    God:
Gold:   120        SH:  4    Dex: 10    Spells: 4/4 levels left

rFire   . . .      SeeInvis .   a - +0 war axe
rCold   . . .      Faith    .   c - +0 buckler
rNeg    . . .      Spirit   .   m - +0 scale mail
rPois   .          Reflect  .   (no helmet)
rElec   .          Harm     .   (no cloak)
rCorr   .          Rampage  .   (no gloves)
Will    .....                   (no boots)
Stlth   ..........              (no amulet)
HPRegen 0.15/turn               (no ring)
MPRegen 0.09/turn               (no ring)

@: mighty
A: no striking features
a: Convert to Beogh


You were on level 3 of the Dungeon.
You visited 1 branch of the dungeon, and saw 3 of its levels.

You collected 120 gold pieces.

Inventory:

Hand Weapons
 a - a +0 war axe (weapon)
 b - a +4 hunting sling
 u - a +0 mace
Missiles
 l - 96 stones (quivered)
 o - 2 poisoned darts
Armour
 c - a +0 buckler (worn)
 e - an orb of mayhem
 m - a +0 scale mail (worn)
Jewellery
 p - a +6 ring of dexterity
 q - an amulet of regeneration
Scrolls
 f - a scroll of identify {unknown}
 h - a scroll of magic mapping {unknown}
 j - 2 scrolls of vulnerability {unknown}
 k - a scroll of brand weapon {unknown}
 r - a scroll of immolation {unknown}
 t - a scroll of noise {unknown}
Potions
 g - a potion of mutation {unknown}
 i - a potion of flight {unknown}
 n - a potion of degeneration {unknown}
 s - a potion of attraction {unknown}


   Skills:
 + Level 4.2 Fighting
 + Level 4.2 Axes
 + Level 1.0 Slings
 + Level 3.8 Armour
 + Level 1.3 Dodging
 + Level 3.7 Shields


You had 4 spell levels left.
You didn't know any spells.
Your spell library contained the following spells:

 Spells                   Type           Power      Damage    Failure   Level
 Animate Skeleton         Necr           0%         N/A       83%         1
 Apportation              Tloc           0%         N/A       83%         1
 Summon Small Mammal      Summ           0%         N/A       83%         1
 Corpse Rot               Necr/Air       0%         N/A       93%         2
 Ensorcelled Hibernation  Hex/Ice        0%         N/A       93%         2
 Passwall                 Tmut/Erth      0%         N/A       93%         2
 Poisonous Vapours        Pois/Air       0%         N/A       93%         2
 Call Canine Familiar     Summ           0%         N/A       99%         3
 Portal Projectile        Hex/Tloc       0%         N/A       99%         3
 Swiftness                Air            0%         N/A       99%         3
 Leda's Liquefaction      Hex/Erth       0%         N/A       100%        4


Dungeon Overview and Level Annotations

Branches:
Dungeon (3/15)

Altars:


Message History

You completely miss the orc.
The orc is severely wounded.
The orc barely misses you. The orc hits you but does no damage.
You closely miss the orc.
The orc is severely wounded.
The orc barely misses you.
You barely miss the orc.
The orc is severely wounded.
The orc hits you with a +0 flail.
You closely miss the orc.
The orc is severely wounded.
The orc barely misses you.
You closely miss the orc.
The orc is severely wounded.
The orc hits you with a +0 flail.
The orc priest calls down the wrath of Beogh upon you.
Beogh smites you! The orc barely misses you.
You slash the orc!
You kill the orc!
The orc priest calls down the wrath of Beogh upon you.
Beogh smites you!
* * * LOW HITPOINT WARNING * * *
The orc barely misses you.
You slash the orc!
You kill the orc!
The orc priest misses you.
Items here: ))) [ †††.
You hit the orc priest but do no damage.
The orc priest shouts, "Join the one true god or die!"
You block the orc priest's attack.
The orc priest shouts, "Beogh is our master!
Accept the truth or die!"
You hit the orc priest.
The orc priest is moderately wounded.
The orc priest hits you with a +0 vampiric short sword.
* * * LOW HITPOINT WARNING * * *
The orc priest barely misses you.
You feel very mighty all of a sudden.
The orc priest mumbles some strange prayers to Beogh against you.
Beogh smites you!
You die...

..............†.............>###.
####.#####..####.###.#######.# #.
#.# ##...........#### #.# #. #.#
#.####.##......# #####. #.# #..
#.##......# #..... #.# #..#
#.##......###.###. #.# #...
#.##.............. #.#
#.#.##.##...)..###.####
####.##### .#..#@####.#### #.#
.........# #o# #.# #.# .........#
.(# #.# #.# .........# #.!#
#.######.# .........# #.(#
#........# .........# ....
########## ##..###### ..>. ##..#
..... ###''#### .......


You could see an orc priest.

Vanquished Creatures
  An iguana (D:3)
  2 adders (D:3)
  3 worms
  A dart slug (D:2)
  4 orcs (D:3)
  10 ball pythons
  7 endoplasms
  3 giant cockroaches
  7 goblins
  5 hobgoblins
  8 kobolds
  2 quokkas
  6 bats
  2 frilled lizards (D:2)
  5 rats
66 creatures vanquished.

Notes
Turn   | Place    | Note
-------+----------+-------------------------------------------
     0 | D:1      | Eitelfritz the Hill Orc Fighter began the quest for the
                  | Orb.
     0 | D:1      | Reached XP level 1. HP: 19/19 MP: 1/1
   232 | D:1      | Found a faded altar of an unknown god.
   362 | D:1      | Reached XP level 2. HP: 25/27 MP: 2/2
  1104 | D:2      | Reached XP level 3. HP: 33/33 MP: 3/3
  1959 | D:2      | Reached XP level 4. HP: 40/40 MP: 4/4
  2077 | D:3      | Reached skill level 1 in Dodging
  2391 | D:3      | Reached skill level 1 in Slings
  2679 | D:3      | Reached XP level 5. HP: 46/46 MP: 5/5
  2821 | D:3      | HP: 1/46 [orc priest/+0 vampiric short sword (5)]
  2822 | D:3      | Killed from afar by an orc priest

Illustrated notes

Levels and vault maps discovered:
D:1:      tarquinn_simple_flora_water_d, layout_basic,
          nicolae_ecumenical_snake_handling
D:2:      minmay_diamond_boxcup, layout_loops_ring
D:3:      layout_basic, kennysheep_cross_room

Skill      XL: |  1  2  3  4 |
---------------+-------------+-----
Axes           | 3 4 |  4.2
Fighting       | 4 |  4.2
Dodging        | 1 |  1.3
Slings         | 1 |  1.0
Armour         | |  3.8
Shields        | |  3.7

Action                   |  1- 3 |  4- 6 || total
-------------------------+-------+-------++-------
Melee: War axe           |    65 |    47 ||   112
 Fire: Hunting sling     |    33 |    35 ||    68
  Use: Potion            |       |     1 ||     1
Armor: Scale mail        |    47 |    18 ||    65
Dodge: Dodged            |    45 |    21 ||    66
Block: Buckler           |    17 |    10 ||    27
